 Dungeon Crawl Stone Soup version 0.29.1-14-g9c671dbff4 (webtiles) character file.

Game seed: 2653827910150281248

100 bnorton916 the Magician (level 4, -1/24 HPs)
             Began as a Deep Elf Fire Elementalist on Feb 12, 2023.
             Slain by Natasha (7 damage)
             ... on level 3 of the Dungeon.
             The game lasted 00:01:48 (3423 turns).

bnorton916 the Magician (DEFE)                      Turns: 3423, Time: 00:01:49

Health: -1/24      AC:  2    Str:  5    XL:     4   Next: 47%
Magic:  5/12       EV: 12    Int: 22    God:
Gold:   112        SH:  0    Dex: 15    Spells: 8/11 levels left

rFire   . . .      SeeInvis .   (no weapon)
rCold   . . .      Faith    .   (no shield)
rNeg    . . .      Spirit   .   a - +0 robe
rPois   .          Reflect  .   (no helmet)
rElec   .          Harm     .   (no cloak)
rCorr   .          Rampage  .   (no gloves)
Will    .....                   (no boots)
Stlth   ++........              (no amulet)
HPRegen 0.08/turn               (no ring)
MPRegen 0.13/turn               (no ring)

@: very slightly contaminated
A: no striking features
a: no special abilities


You were on level 3 of the Dungeon.
You visited 1 branch of the dungeon, and saw 3 of its levels.

You collected 112 gold pieces.

Inventory:

Hand Weapons
 e - a +0 dagger of speed
 m - a +3 spectral club
Missiles
 o - 4 large rocks
Armour
 a - a +0 robe (worn)
Scrolls
 c - 2 scrolls of blinking {unknown}
 f - a scroll of poison {unknown}
 g - a scroll of noise {unknown}
 h - a scroll of immolation {unknown}
 i - 2 scrolls of identify {unknown}
 k - a scroll of amnesia {unknown}
Potions
 b - a potion of magic
 d - a potion of ambrosia {unknown}
 j - 2 potions of heal wounds {unknown}
 l - a potion of curing
 n - a potion of might {unknown}
 p - a potion of berserk rage {unknown}


   Skills:
 - Level 2.4 Dodging
 - Level 2.4 Stealth
 + Level 4.4 Spellcasting
 + Level 2.8 Conjurations
 + Level 4.3 Fire Magic


You had 8 spell levels left.
You knew the following spells:

 Your Spells              Type           Power      Damage    Failure   Level
a - Foxfire               Conj/Fire      80%        2x1d8     2%          1
b - Scorch                Fire           46%        2d7       2%          2

Your spell library contained the following spells:

 Spells                   Type           Power      Damage    Failure   Level
 Shock                    Conj/Air       44%        1d5       6%          1
 Conjure Flame            Conj/Fire      20%        6-21      8%          3
 Inner Flame              Hex/Fire       14%        N/A       13%         3
 Flame Wave               Conj/Fire      20%        2d7       24%         4
 Swiftness                Air            4%         N/A       32%         3
 Airstrike                Air            2%         2d(1-17)  71%         4


Dungeon Overview and Level Annotations

Branches:
Dungeon (3/15)

Altars:

Annotations:
D:3 Natasha, Robin


Message History

You start resting.
HP restored.
You start waiting.
Done waiting.
There is a stone staircase leading down here.
You climb downwards.
Level annotation: Robin
There is a stone staircase leading up here.
Casting: Foxfire (safe; 2% risk of failure)
Confirm with . or Enter, or press ? or * to list all spells.
You conjure some foxfire!
The foxfire hits the bat!
You kill the bat!
The foxfire hits Natasha.
Natasha is lightly wounded.
Natasha hisses angrily.
Casting: Foxfire (safe; 2% risk of failure)
Confirm with . or Enter, or press ? or * to list all spells.
You conjure some foxfire!
The foxfire hits Natasha but does no damage.
Natasha is lightly wounded.
The foxfire hits Natasha.
Natasha is lightly wounded.
Casting: Foxfire (safe; 2% risk of failure)
Confirm with . or Enter, or press ? or * to list all spells.
You miscast Scorch.
You are very lightly contaminated with residual magic.
Nothing appears to happen.
Casting: Scorch (safe; 2% risk of failure)
Confirm with . or Enter, or press ? or * to list all spells.
You miscast Scorch.
Nothing appears to happen.
Natasha casts a spell at you. The magic dart hits you!
Casting: Scorch (safe; 2% risk of failure)
Confirm with . or Enter, or press ? or * to list all spells.
Flames lash Natasha.
Natasha is moderately wounded.
Natasha's fire resistance burns away.
Natasha claws you!
* * * LOW HITPOINT WARNING * * *
Natasha claws you!
You die...

#.#### #....#
#....# #....#
#....+ #....#
#h...# #@...#
#......#
~P..#....#
..~~~~PPP..#
.~~PP ~~~P...
P~~♣♣♣♣♣P~...#
P~~ ~P...# P~
~P.###


You could see Natasha (combustible).

Vanquished Creatures
  Jessica (D:2)
  2 adders (D:2)
  4 worms (D:2)
  2 dart slugs (D:2)
  2 orcs (D:3)
  4 bats
  4 endoplasms
  A giant cockroach (D:1)
  4 goblins
  6 hobgoblins
  A kobold (D:2)
  2 ball pythons (D:2)
  2 frilled lizards
  4 rats
39 creatures vanquished.

Vanquished Creatures (others)
  193 foxfires
  A plant (D:3)
194 creatures vanquished.

Grand Total: 233 creatures vanquished

Notes
Turn   | Place    | Note
-------+----------+-------------------------------------------
     0 | D:1      | bnorton916 the Deep Elf Fire Elementalist began the quest
                  | for the Orb.
     0 | D:1      | Reached XP level 1. HP: 10/10 MP: 6/6
   491 | D:1      | Reached XP level 2. HP: 15/15 MP: 2/8
  1963 | D:2      | Noticed Jessica
  1969 | D:2      | Learned a level 2 spell: Scorch
  1975 | D:2      | Killed Jessica
  1976 | D:2      | Reached XP level 3. HP: 2/19 MP: 6/10
  2639 | D:2      | Reached XP level 4. HP: 24/24 MP: 9/12
  3208 | D:3      | Noticed Robin
  3415 | D:3      | Noticed Natasha
  3423 | D:3      | Slain by Natasha

Illustrated notes

Levels and vault maps discovered:
D:1:      minmay_arrival_split_and_join, layout_basic,
          chequers_serial_rivers_room_a
D:2:      layout_basic, minivault_24, uniq_jessica
D:3:      layout_basic, lemuel_blue_sif_altar, serial_bayou,
          serial_bayou_pond_c, serial_bayou_crossing, serial_bayou_lagoon_a,
          serial_bayou_pond_d, serial_bayou_shore_a, serial_bayou_pond_e,
          shapermc_ecumenical_altar_mp_vishouse, interstate_on_off,
          chequers_serial_rivers_large_a, minivault_11, uniq_natasha, uniq_robin

Skill      XL: |  1  2  3 |
---------------+----------+-----
Conjurations   | 2 |  2.8
Fire Magic     | 4 |  4.3
Spellcasting   | 4 |  4.4
Dodging        | |  2.4
Stealth        | |  2.4

Action                   |  1- 3 |  4- 6 || total
-------------------------+-------+-------++-------
 Cast: Foxfire           |    94 |    32 ||   126
       Scorch            |     4 |     2 ||     6
Armor: Robe              |     1 |       ||     1
Dodge: Dodged            |     5 |     3 ||     8
